[ AOE2 MATCH · #477305835 ]
UnrankedArmenians vs Bohemians
[ REPLAY ANALYSIS · EXTRACTED FROM THE RECORDED GAME ]
Feudal
9:40
Castle
—
Imperial
—
| APM avg | 49.6 |
| APM peak | 92 |
| eAPM avg | 24.2 |
| Villagers / military | 34 / 39 |
Focus
⚔️ 52.6% · 🌾 47.4%
Militia ×25 · Spearman ×14
Feudal
10:56
Castle
20:15
Imperial
—
| APM avg | 35.9 |
| APM peak | 100 |
| eAPM avg | 15.1 |
| Villagers / military | 53 / 17 |
Focus
⚔️ 21.5% · 🌾 78.5%
Archer ×17
Feudal
10:30
Castle
14:00
Imperial
—
| APM avg | 41.0 |
| APM peak | 83 |
| eAPM avg | 18.3 |
| Villagers / military | 81 / 5 |
Focus
⚔️ 16.8% · 🌾 83.2%
Mangudai ×5
Feudal
9:50
Castle
—
Imperial
—
| APM avg | 51.6 |
| APM peak | 84 |
| eAPM avg | 22.3 |
| Villagers / military | 63 / 8 |
Focus
⚔️ 21.1% · 🌾 78.9%
Battering Ram ×8
Feudal
10:26
Castle
14:13
Imperial
—
| APM avg | 60.9 |
| APM peak | 109 |
| eAPM avg | 30.6 |
| Villagers / military | 41 / 47 |
Focus
⚔️ 41.0% · 🌾 59.0%
Knight ×42 · Scout Cavalry ×5
Feudal
10:06
Castle
13:44
Imperial
—
| APM avg | 34.2 |
| APM peak | 56 |
| eAPM avg | 19.9 |
| Villagers / military | 42 / 14 |
Focus
⚔️ 42.8% · 🌾 57.2%
Monk ×14
Match map
Initial resources + every placement click. Lines = walls · curves = elevation contours. ◆ gold · ⬟ stone · ● berries · ✦ relic · ◌ wall gap
Your base· ✓ Closed at 12:00 · 0t walls · 2 gate(s)
deadly neighbour's base· ✓ Closed at 20:15 · 0t walls · 4 gate(s)
TheShadowrawen's base· ✓ Closed at 14:00 · 0t walls · 2 gate(s)
Aleixofempires's base· ✓ Closed at 12:00 · 0t walls · 3 gate(s)
MXTS | FiredLand's base· ✓ Closed at 14:13 · 0t walls · 3 gate(s)
Markof's base· ✓ Closed at 13:44 · 4t walls · 3 gate(s)
Smoothed initial terrain · ◌ = detected wall gap · hover for details
Inputs per minute
— Creisi48 - - deadly neighbour
Build order — Creisi48
114 actions detected in the replay
| 0:00 | Queue | Villager (Male) |
| 0:00 | Queue | Villager (Male) |
| 0:01 | Build | House |
| 0:02 | Build | House |
| 0:05 | Queue | Villager (Male) |
| 0:05 | Queue | Villager (Male) |
| 1:26 | Queue | Villager (Male) |
| 1:45 | Build | Mule Cart |
| 1:56 | Queue | Villager (Male) |
| 2:24 | Queue | Villager (Male) |
| 2:24 | Queue | Villager (Male) |
| 2:48 | Queue | Villager (Male) |
| 3:16 | Queue | Villager (Male) |
| 3:36 | Queue | Villager (Male) |
| 3:57 | Build | House |
| 3:59 | Build | House |
| 4:03 | Queue | Villager (Male) |
| 4:03 | Queue | Villager (Male) |
| 4:18 | Build | Mill |
| 4:51 | Queue | Villager (Male) |
| 5:15 | Queue | Villager (Male) |
| 5:16 | Queue | Villager (Male) |
| 5:16 | Queue | Villager (Male) |
| 5:21 | Queue | Villager (Male) |
| 6:30 | Research | Loom |
| 7:05 | Research | Feudal Age |
| 7:24 | Build | Mule Cart |
| 7:54 | Build | House |
| 8:18 | Build | Barracks |
| 8:56 | Build | Barracks |
| 9:40 | Age | Feudal Age |
| 9:44 | Research | Man-at-Arms (upgrade) |
| 9:48 | Research | Double-Bit Axe |
| 9:49 | Queue | Villager (Male) |
| 9:54 | Queue | Militia |
| 9:56 | Queue | Militia |
| 10:24 | Research | Long Swordsman (upgrade) |
| 10:26 | Queue | Villager (Male) |
| 10:39 | Queue | Militia |
| 10:43 | Build | Blacksmith |
| 11:07 | Build | House |
| 11:10 | Queue | Militia ×2 |
| 11:21 | Build | Farm |
| 11:38 | Research | Scale Mail Armor |
| 11:45 | Build | Farm |
| 11:58 | Queue | Militia |
| 12:09 | Build | Farm |
| 12:14 | Queue | Militia |
| 12:39 | Queue | Militia |
| 12:44 | Build | Farm |
| 12:53 | Queue | Militia |
| 12:59 | Queue | Villager (Male) |
| 13:19 | Queue | Militia |
| 13:25 | Build | House |
| 13:40 | Queue | Militia ×2 |
| 13:47 | Build | Farm |
| 13:49 | Build | Farm |
| 14:03 | Queue | Militia |
| 14:05 | Queue | Villager (Male) |
| 14:08 | Build | Farm |
| 14:11 | Build | Farm |
| 14:33 | Queue | Militia ×2 |
| 15:01 | Queue | Militia ×3 |
| 15:08 | Queue | Militia |
| 15:13 | Build | House |
| 15:19 | Build | Farm |
| 15:21 | Build | Farm |
| 15:33 | Queue | Spearman ×3 |
| 15:39 | Build | Farm |
| 15:57 | Queue | Militia |
| 15:59 | Build | Farm |
| 16:11 | Queue | Villager (Male) |
| 16:15 | Build | House |
| 16:17 | Build | Farm |
| 16:46 | Build | Farm |
| 16:56 | Queue | Spearman |
| 17:00 | Research | Pikeman (upgrade) |
| 17:13 | Queue | Villager (Male) |
| 17:20 | Build | House |
| 17:41 | Queue | Spearman ×4 |
| 17:54 | Queue | Spearman |
| 17:57 | Queue | Villager (Male) |
| 17:58 | Queue | Villager (Male) |
| 17:58 | Queue | Villager (Male) |
| 18:14 | Queue | Spearman ×3 |
| 18:27 | Queue | Spearman |
| 18:30 | Build | House |
| 18:33 | Build | Farm |
| 18:52 | Build | House |
| 18:53 | Queue | Villager (Male) |
| 18:57 | Research | Wheelbarrow |
| 18:59 | Build | House |
| 19:01 | Queue | Villager (Male) |
| 19:12 | Queue | Spearman |
| 19:23 | Build | Outpost |
| 19:29 | Queue | Militia |
| 19:41 | Build | House |
| 19:53 | Build | Farm |
| 20:05 | Queue | Villager (Male) |
| 20:13 | Research | Horse Collar |
| 20:23 | Queue | Militia |
| 20:24 | Queue | Villager (Male) |
| 20:31 | Build | Farm |
| 20:43 | Queue | Militia |
| 20:58 | Build | Farm |
| 21:01 | Queue | Villager (Male) |
| 21:02 | Queue | Militia |
| 21:12 | Queue | Militia |
| 21:13 | Queue | Villager (Male) |
| 21:17 | Build | Farm |
| 21:54 | Build | Farm |
| 21:56 | Build | Farm |
| 21:56 | Build | Farm |
| 22:29 | Queue | Villager (Male) |
Build order — deadly neighbour
109 actions detected in the replay
| 0:01 | Queue | Villager (Male) |
| 0:02 | Queue | Villager (Male) |
| 0:02 | Queue | Villager (Male) |
| 0:03 | Build | House |
| 0:05 | Build | House |
| 0:14 | Queue | Villager (Male) |
| 0:14 | Queue | Villager (Male) |
| 1:25 | Queue | Villager (Male) |
| 1:50 | Queue | Villager (Male) |
| 2:21 | Queue | Villager (Male) |
| 2:21 | Queue | Villager (Male) |
| 2:25 | Queue | Villager (Male) |
| 2:25 | Queue | Villager (Male) |
| 2:50 | Queue | Villager (Male) |
| 2:51 | Queue | Villager (Male) |
| 3:15 | Build | House |
| 3:16 | Build | House |
| 3:25 | Build | Lumber Camp |
| 3:39 | Queue | Villager (Male) |
| 3:39 | Queue | Villager (Male) |
| 3:45 | Queue | Villager (Male) |
| 3:46 | Queue | Villager (Male) |
| 3:46 | Queue | Villager (Male) |
| 4:34 | Queue | Villager (Male) |
| 4:34 | Queue | Villager (Male) |
| 5:04 | Queue | Villager (Male) |
| 5:19 | Queue | Villager (Male) |
| 5:19 | Queue | Villager (Male) |
| 5:19 | Queue | Villager (Male) |
| 5:28 | Queue | Villager (Male) |
| 5:28 | Queue | Villager (Male) |
| 5:29 | Queue | Villager (Male) |
| 5:31 | Build | Mill |
| 5:43 | Queue | Villager (Male) |
| 5:44 | Queue | Villager (Male) |
| 6:28 | Queue | Villager (Male) |
| 6:28 | Queue | Villager (Male) |
| 6:34 | Queue | Villager (Male) |
| 6:34 | Queue | Villager (Male) |
| 6:34 | Queue | Villager (Male) |
| 6:50 | Queue | Villager (Male) |
| 7:14 | Queue | Villager (Male) |
| 7:14 | Queue | Villager (Male) |
| 7:23 | Queue | Villager (Male) |
| 7:23 | Queue | Villager (Male) |
| 7:45 | Build | Mining Camp |
| 7:46 | Queue | Villager (Male) |
| 7:46 | Queue | Villager (Male) |
| 7:46 | Queue | Villager (Male) |
| 7:46 | Queue | Villager (Male) |
| 7:47 | Queue | Villager (Male) |
| 8:03 | Queue | Villager (Male) |
| 8:04 | Research | Feudal Age |
| 8:54 | Queue | Villager (Male) |
| 9:35 | Build | House |
| 10:56 | Age | Feudal Age |
| 11:00 | Build | Market |
| 11:01 | Build | Blacksmith |
| 11:11 | Queue | Villager (Male) |
| 11:30 | Queue | Villager (Male) |
| 11:33 | Build | Barracks |
| 11:50 | Research | Castle Age |
| 11:53 | Research | Loom |
| 11:53 | Queue | Villager (Male) |
| 12:09 | Build | Archery Range |
| 12:13 | Research | Castle Age |
| 12:16 | Research | Fletching |
| 12:48 | Queue | Archer |
| 12:54 | Build | House |
| 13:16 | Build | Archery Range |
| 13:21 | Queue | Archer |
| 13:54 | Queue | Archer |
| 13:54 | Queue | Archer |
| 14:24 | Queue | Villager (Male) |
| 14:25 | Queue | Archer |
| 14:25 | Queue | Archer |
| 14:48 | Build | Lumber Camp |
| 15:05 | Build | Gate |
| 15:52 | Research | Double-Bit Axe |
| 16:14 | Build | Lumber Camp |
| 16:52 | Build | Town Center |
| 17:35 | Research | Castle Age |
| 17:48 | Build | House |
| 17:49 | Build | House |
| 17:50 | Build | House |
| 17:51 | Build | House |
| 17:55 | Queue | Archer |
| 17:55 | Queue | Archer |
| 18:58 | Queue | Archer |
| 18:58 | Queue | Archer |
| 19:18 | Build | House |
| 19:20 | Build | House |
| 19:25 | Queue | Archer |
| 20:15 | Age | Castle Age |
| 20:18 | Queue | Archer |
| 20:25 | Build | Market |
| 20:26 | Queue | Villager (Male) |
| 20:34 | Queue | Archer |
| 20:40 | Build | Town Center |
| 20:43 | Queue | Archer |
| 20:43 | Queue | Archer |
| 20:53 | Build | Farm |
| 20:54 | Build | Farm |
| 20:55 | Build | Farm |
| 21:26 | Research | Crossbowman (upgrade) |
| 21:39 | Queue | Archer |
| 22:15 | Queue | Archer |
| 22:23 | Queue | Villager (Male) |
| 22:23 | Queue | Villager (Male) |
Build order — TheShadowrawen
150 actions detected in the replay
| 0:00 | Queue | Villager (Male) |
| 0:01 | Build | House |
| 0:03 | Build | House |
| 0:10 | Queue | Villager (Male) |
| 0:10 | Queue | Villager (Male) |
| 0:27 | Queue | Villager (Male) |
| 0:28 | Queue | Villager (Male) |
| 1:31 | Queue | Villager (Male) |
| 2:01 | Queue | Villager (Male) |
| 2:14 | Build | Lumber Camp |
| 2:17 | Queue | Villager (Male) |
| 2:38 | Queue | Villager (Male) |
| 2:56 | Queue | Villager (Male) |
| 3:13 | Queue | Villager (Male) |
| 3:34 | Queue | Villager (Male) |
| 3:35 | Queue | Villager (Male) |
| 3:49 | Build | House |
| 4:02 | Queue | Villager (Male) |
| 4:15 | Build | Mill |
| 4:24 | Queue | Villager (Male) |
| 4:24 | Queue | Villager (Male) |
| 4:38 | Queue | Villager (Male) |
| 5:07 | Build | House |
| 5:36 | Queue | Villager (Male) |
| 6:03 | Build | House |
| 6:59 | Queue | Villager (Male) |
| 7:08 | Queue | Villager (Male) |
| 7:37 | Queue | Villager (Male) |
| 7:56 | Research | Feudal Age |
| 8:02 | Build | Mining Camp |
| 8:24 | Queue | Villager (Male) |
| 8:24 | Queue | Villager (Male) |
| 10:30 | Age | Feudal Age |
| 10:33 | Build | Market |
| 10:35 | Build | Blacksmith |
| 11:20 | Research | Castle Age |
| 11:55 | Queue | Villager (Male) |
| 11:55 | Queue | Villager (Male) |
| 12:00 | Research | Horse Collar |
| 12:03 | Research | Double-Bit Axe |
| 12:13 | Build | Farm |
| 12:14 | Build | Farm |
| 12:16 | Build | Farm |
| 12:33 | Build | Farm |
| 12:36 | Build | Farm |
| 12:39 | Queue | Villager (Male) |
| 12:51 | Queue | Villager (Male) |
| 13:29 | Build | Farm |
| 14:00 | Age | Castle Age |
| 14:02 | Build | Town Center |
| 14:08 | Build | Town Center |
| 14:15 | Research | Bow Saw |
| 14:42 | Build | Farm |
| 14:44 | Build | House |
| 14:48 | Queue | Villager (Male) |
| 14:53 | Build | Farm |
| 14:56 | Build | Farm |
| 15:10 | Queue | Villager (Male) |
| 15:18 | Build | Farm |
| 15:22 | Queue | Villager (Male) |
| 15:25 | Build | Farm |
| 15:28 | Build | Farm |
| 15:29 | Queue | Villager (Male) |
| 15:35 | Queue | Villager (Male) |
| 15:35 | Queue | Villager (Male) |
| 15:35 | Queue | Villager (Male) |
| 15:42 | Build | Farm |
| 15:51 | Queue | Villager (Male) |
| 15:54 | Build | Farm |
| 16:01 | Build | Farm |
| 16:01 | Queue | Villager (Male) |
| 16:02 | Queue | Villager (Male) |
| 16:07 | Build | House |
| 16:18 | Queue | Villager (Male) |
| 16:20 | Build | Farm |
| 16:30 | Queue | Villager (Male) |
| 16:34 | Queue | Villager (Male) |
| 16:49 | Queue | Villager (Male) |
| 16:50 | Queue | Villager (Male) |
| 16:52 | Build | Farm |
| 16:53 | Build | Farm |
| 16:55 | Build | Farm |
| 16:58 | Queue | Villager (Male) |
| 17:02 | Build | Farm |
| 17:02 | Build | Farm |
| 17:06 | Queue | Villager (Male) |
| 17:10 | Queue | Villager (Male) |
| 17:19 | Build | House |
| 17:21 | Build | House |
| 17:22 | Queue | Villager (Male) |
| 17:28 | Build | Farm |
| 17:29 | Build | Farm |
| 17:31 | Queue | Villager (Male) |
| 17:42 | Queue | Villager (Male) |
| 17:43 | Queue | Villager (Male) |
| 17:51 | Build | Mining Camp |
| 17:54 | Queue | Villager (Male) |
| 17:54 | Queue | Villager (Male) |
| 17:54 | Queue | Villager (Male) |
| 18:01 | Queue | Villager (Male) |
| 18:11 | Queue | Villager (Male) |
| 18:17 | Queue | Villager (Male) |
| 18:23 | Build | House |
| 18:24 | Build | House |
| 18:24 | Build | House |
| 18:26 | Queue | Villager (Male) |
| 18:26 | Queue | Villager (Male) |
| 18:29 | Queue | Villager (Male) |
| 18:47 | Queue | Villager (Male) |
| 18:50 | Queue | Villager (Male) |
| 19:01 | Queue | Villager (Male) |
| 19:01 | Queue | Villager (Male) |
| 19:02 | Queue | Villager (Male) |
| 19:21 | Queue | Villager (Male) |
| 19:21 | Queue | Villager (Male) |
| 19:27 | Queue | Villager (Male) |
| 19:27 | Queue | Villager (Male) |
| 19:36 | Queue | Villager (Male) |
| 19:49 | Build | Castle |
| 19:54 | Queue | Villager (Male) |
| 19:54 | Queue | Villager (Male) |
| 19:57 | Build | House |
| 19:59 | Build | University |
| 20:01 | Queue | Villager (Male) |
| 20:07 | Queue | Villager (Male) |
| 20:12 | Research | Fletching |
| 20:20 | Build | House |
| 20:25 | Build | Mining Camp |
| 20:34 | Queue | Villager (Male) |
| 20:52 | Queue | Villager (Male) |
| 20:52 | Queue | Villager (Male) |
| 20:58 | Queue | Mangudai |
| 20:59 | Queue | Mangudai |
| 21:08 | Queue | Villager (Male) |
| 21:10 | Build | House |
| 21:11 | Build | House |
| 21:23 | Queue | Mangudai |
| 21:23 | Queue | Mangudai |
| 21:43 | Research | Bodkin Arrow |
| 21:44 | Queue | Villager (Male) |
| 21:45 | Queue | Mangudai |
| 21:53 | Research | Ballistics |
| 21:58 | Queue | Villager (Male) |
| 22:04 | Queue | Villager (Male) |
| 22:04 | Queue | Villager (Male) |
| 22:06 | Build | House |
| 22:07 | Build | House |
| 22:07 | Build | House |
| 22:23 | Build | Barracks |
| 22:34 | Queue | Villager (Male) |
Build order — Aleixofempires
139 actions detected in the replay
| 0:02 | Build | House |
| 0:03 | Build | House |
| 0:10 | Queue | Villager (Male) |
| 0:10 | Queue | Villager (Male) |
| 0:11 | Queue | Villager (Male) |
| 0:16 | Queue | Villager (Male) |
| 1:16 | Queue | Villager (Male) |
| 1:39 | Queue | Villager (Male) |
| 2:04 | Queue | Villager (Male) |
| 2:23 | Queue | Villager (Male) |
| 2:45 | Queue | Villager (Male) |
| 2:54 | Build | Lumber Camp |
| 3:09 | Queue | Villager (Male) |
| 3:22 | Queue | Villager (Male) |
| 3:57 | Build | House |
| 4:05 | Build | House |
| 4:22 | Queue | Villager (Male) |
| 4:28 | Queue | Villager (Male) |
| 4:30 | Queue | Villager (Male) |
| 4:59 | Build | Mill |
| 5:04 | Queue | Villager (Male) |
| 5:22 | Queue | Villager (Male) |
| 5:34 | Queue | Villager (Male) |
| 6:55 | Build | Mining Camp |
| 7:08 | Research | Loom |
| 7:27 | Research | Feudal Age |
| 7:54 | Queue | Villager (Male) |
| 8:11 | Queue | Villager (Male) |
| 8:14 | Build | House |
| 9:40 | Queue | Villager (Male) |
| 9:50 | Age | Feudal Age |
| 9:52 | Build | Blacksmith |
| 9:54 | Research | Double-Bit Axe |
| 10:18 | Queue | Villager (Male) |
| 10:26 | Build | Siege Workshop |
| 10:34 | Research | Horse Collar |
| 11:00 | Queue | Battering Ram |
| 11:07 | Queue | Villager (Male) |
| 11:22 | Queue | Battering Ram |
| 11:28 | Queue | Villager (Male) |
| 11:37 | Queue | Villager (Male) |
| 11:39 | Build | House |
| 12:08 | Queue | Battering Ram |
| 12:15 | Queue | Villager (Male) |
| 12:44 | Queue | Battering Ram |
| 12:51 | Queue | Villager (Male) |
| 12:56 | Queue | Villager (Male) |
| 13:02 | Build | House |
| 13:28 | Build | Lumber Camp |
| 13:29 | Queue | Villager (Male) |
| 13:33 | Queue | Villager (Male) |
| 13:55 | Queue | Battering Ram |
| 14:11 | Queue | Villager (Male) |
| 14:14 | Queue | Villager (Male) |
| 14:39 | Queue | Battering Ram |
| 14:47 | Build | House |
| 15:09 | Queue | Villager (Male) |
| 15:15 | Queue | Villager (Male) |
| 15:19 | Build | House |
| 15:22 | Build | Town Center |
| 15:30 | Queue | Villager (Male) |
| 15:55 | Queue | Villager (Male) |
| 16:07 | Queue | Villager (Male) |
| 16:10 | Build | House |
| 16:21 | Build | Farm |
| 16:22 | Build | Farm |
| 16:23 | Build | Farm |
| 16:35 | Queue | Villager (Male) |
| 16:37 | Queue | Battering Ram |
| 17:02 | Build | Farm |
| 17:03 | Build | Farm |
| 17:12 | Queue | Villager (Male) |
| 17:12 | Queue | Battering Ram |
| 17:19 | Queue | Villager (Male) |
| 17:24 | Queue | Villager (Male) |
| 17:39 | Queue | Villager (Male) |
| 17:41 | Queue | Villager (Male) |
| 17:44 | Build | Farm |
| 17:44 | Build | Farm |
| 17:45 | Build | Farm |
| 17:46 | Build | Farm |
| 18:01 | Build | Farm |
| 18:06 | Build | Farm |
| 18:08 | Queue | Villager (Male) |
| 18:25 | Queue | Villager (Male) |
| 18:28 | Build | Farm |
| 18:36 | Build | Farm |
| 18:37 | Build | Farm |
| 18:38 | Queue | Villager (Male) |
| 18:43 | Build | Farm |
| 18:48 | Build | Farm |
| 18:56 | Build | Farm |
| 18:58 | Queue | Villager (Male) |
| 19:02 | Build | House |
| 19:03 | Build | House |
| 19:04 | Build | House |
| 19:04 | Queue | Villager (Male) |
| 19:15 | Build | Farm |
| 19:28 | Queue | Villager (Male) |
| 19:40 | Queue | Villager (Male) |
| 19:43 | Build | Farm |
| 19:46 | Build | Farm |
| 19:46 | Build | Farm |
| 19:46 | Build | Farm |
| 19:46 | Build | Farm |
| 19:47 | Build | Farm |
| 19:47 | Build | Farm |
| 19:47 | Build | Farm |
| 19:47 | Build | Farm |
| 19:48 | Queue | Villager (Male) |
| 19:56 | Queue | Villager (Male) |
| 19:59 | Build | Farm |
| 20:10 | Queue | Villager (Male) |
| 20:16 | Queue | Villager (Male) |
| 20:22 | Build | Farm |
| 20:23 | Queue | Villager (Male) |
| 20:29 | Build | Farm |
| 20:31 | Build | Farm |
| 20:32 | Queue | Villager (Male) |
| 20:39 | Queue | Villager (Male) |
| 20:42 | Build | Farm |
| 20:49 | Build | Farm |
| 20:52 | Build | Farm |
| 20:54 | Build | Farm |
| 21:00 | Build | House |
| 21:01 | Build | House |
| 21:02 | Queue | Villager (Male) |
| 21:09 | Queue | Villager (Male) |
| 21:12 | Build | Farm |
| 21:22 | Build | Farm |
| 21:47 | Queue | Villager (Male) |
| 22:06 | Queue | Villager (Male) |
| 22:07 | Queue | Villager (Male) |
| 22:13 | Build | Farm |
| 22:15 | Queue | Villager (Male) |
| 22:18 | Build | Farm |
| 22:29 | Queue | Villager (Male) |
| 22:31 | Build | House |
| 22:32 | Build | House |
Build order — MXTS | FiredLand
143 actions detected in the replay
| 0:02 | Queue | Villager (Male) |
| 0:02 | Queue | Villager (Male) |
| 0:02 | Queue | Villager (Male) |
| 0:02 | Queue | Villager (Male) |
| 0:02 | Queue | Villager (Male) |
| 0:04 | Build | House |
| 0:06 | Build | House |
| 1:22 | Queue | Villager (Male) |
| 1:45 | Build | Lumber Camp |
| 1:46 | Queue | Villager (Male) |
| 1:46 | Queue | Villager (Male) |
| 2:26 | Queue | Villager (Male) |
| 2:26 | Queue | Villager (Male) |
| 2:56 | Queue | Villager (Male) |
| 2:56 | Queue | Villager (Male) |
| 2:57 | Queue | Villager (Male) |
| 3:31 | Queue | Villager (Male) |
| 3:39 | Build | House |
| 3:49 | Build | House |
| 3:53 | Queue | Villager (Male) |
| 4:13 | Queue | Villager (Male) |
| 4:40 | Queue | Villager (Male) |
| 4:42 | Build | Mill |
| 5:23 | Queue | Villager (Male) |
| 5:32 | Queue | Villager (Male) |
| 6:04 | Build | Barracks |
| 6:09 | Queue | Villager (Male) |
| 6:26 | Queue | Villager (Male) |
| 6:49 | Queue | Villager (Male) |
| 7:04 | Build | Farm |
| 7:08 | Build | Mining Camp |
| 7:20 | Queue | Villager (Male) |
| 7:50 | Queue | Villager (Male) |
| 8:04 | Research | Feudal Age |
| 8:26 | Build | House |
| 9:10 | Build | Farm |
| 9:27 | Queue | Villager (Male) |
| 9:27 | Queue | Villager (Male) |
| 9:49 | Build | Farm |
| 10:26 | Queue | Villager (Male) |
| 10:26 | Age | Feudal Age |
| 10:29 | Build | Stable |
| 10:32 | Build | Blacksmith |
| 10:54 | Build | Farm |
| 11:12 | Build | Farm |
| 11:47 | Research | Castle Age |
| 11:47 | Research | Castle Age |
| 12:09 | Research | Double-Bit Axe |
| 12:09 | Research | Double-Bit Axe |
| 12:56 | Queue | Villager (Male) |
| 12:59 | Research | Horse Collar |
| 13:02 | Research | Horse Collar |
| 13:04 | Queue | Scout Cavalry |
| 13:04 | Queue | Scout Cavalry |
| 13:19 | Build | Stable |
| 13:21 | Build | Farm |
| 13:22 | Build | Farm |
| 13:24 | Build | Farm |
| 13:27 | Queue | Scout Cavalry |
| 13:27 | Queue | Scout Cavalry |
| 13:27 | Queue | Scout Cavalry |
| 13:39 | Queue | Villager (Male) |
| 14:10 | Build | House |
| 14:12 | Build | House |
| 14:13 | Age | Castle Age |
| 14:19 | Research | Gold Mining |
| 14:20 | Queue | Villager (Male) |
| 14:24 | Build | House |
| 14:25 | Build | House |
| 14:33 | Queue | Knight ×2 |
| 14:34 | Queue | Knight ×2 |
| 14:46 | Build | House |
| 14:46 | Build | House |
| 14:50 | Queue | Knight |
| 14:50 | Queue | Knight |
| 14:53 | Queue | Villager (Male) |
| 14:55 | Queue | Villager (Male) |
| 15:01 | Build | House |
| 15:03 | Queue | Villager (Male) |
| 15:08 | Build | House |
| 15:14 | Queue | Villager (Male) |
| 15:14 | Queue | Villager (Male) |
| 15:14 | Queue | Villager (Male) |
| 15:27 | Queue | Villager (Male) |
| 15:33 | Queue | Knight |
| 15:33 | Queue | Knight |
| 15:33 | Queue | Knight |
| 16:02 | Queue | Knight |
| 16:02 | Queue | Knight |
| 16:09 | Build | Gate |
| 16:17 | Build | Farm |
| 16:17 | Build | Farm |
| 16:17 | Build | Farm |
| 16:17 | Build | Farm |
| 16:19 | Queue | Villager (Male) |
| 16:20 | Queue | Knight |
| 16:20 | Queue | Knight |
| 16:33 | Queue | Knight |
| 16:33 | Queue | Knight |
| 16:38 | Build | Stone Wall |
| 16:46 | Build | Stone Wall |
| 16:54 | Build | Farm |
| 16:54 | Build | Farm |
| 16:55 | Queue | Villager (Male) |
| 16:56 | Queue | Knight |
| 16:56 | Queue | Knight |
| 16:57 | Queue | Knight |
| 17:04 | Build | Stone Wall |
| 17:18 | Build | Farm |
| 17:18 | Queue | Villager (Male) |
| 17:20 | Research | Loom |
| 17:45 | Queue | Knight |
| 18:01 | Queue | Knight |
| 18:01 | Queue | Knight |
| 18:06 | Queue | Villager (Male) |
| 18:26 | Queue | Knight |
| 18:26 | Queue | Knight |
| 18:26 | Queue | Knight |
| 18:35 | Queue | Knight |
| 18:35 | Queue | Knight |
| 18:57 | Queue | Knight |
| 18:57 | Queue | Knight |
| 19:04 | Build | Lumber Camp |
| 19:15 | Queue | Knight |
| 19:15 | Queue | Knight |
| 19:36 | Queue | Knight |
| 19:36 | Queue | Knight |
| 19:59 | Queue | Knight |
| 19:59 | Queue | Knight |
| 20:12 | Queue | Knight |
| 20:12 | Queue | Knight |
| 20:23 | Build | Farm |
| 20:23 | Build | Farm |
| 20:23 | Build | Farm |
| 20:23 | Build | Farm |
| 20:24 | Build | Farm |
| 20:24 | Build | Farm |
| 20:36 | Queue | Knight |
| 20:36 | Queue | Knight |
| 20:54 | Queue | Knight |
| 20:54 | Queue | Knight |
| 21:14 | Queue | Knight |
| 21:15 | Queue | Knight |
Build order — Markof
112 actions detected in the replay
| 0:01 | Queue | Villager (Male) ×4 |
| 0:02 | Build | House |
| 0:04 | Build | House |
| 1:30 | Queue | Villager (Male) |
| 1:58 | Build | Settlement |
| 2:00 | Queue | Villager (Male) |
| 2:26 | Queue | Villager (Male) |
| 2:27 | Queue | Villager (Male) |
| 3:11 | Queue | Villager (Male) |
| 3:33 | Queue | Villager (Male) |
| 3:56 | Queue | Villager (Male) |
| 3:57 | Queue | Villager (Male) |
| 4:37 | Queue | Villager (Male) |
| 4:50 | Queue | Villager (Male) |
| 5:10 | Queue | Villager (Male) |
| 5:29 | Build | Settlement |
| 5:36 | Queue | Villager (Male) |
| 6:00 | Queue | Villager (Male) |
| 7:03 | Queue | Villager (Male) |
| 7:25 | Build | Farm |
| 7:28 | Queue | Villager (Male) |
| 7:55 | Research | Feudal Age |
| 8:33 | Build | House |
| 8:51 | Queue | Villager (Male) |
| 8:51 | Queue | Villager (Male) |
| 10:06 | Age | Feudal Age |
| 10:08 | Build | Market |
| 10:11 | Build | Blacksmith |
| 10:20 | Research | Loom |
| 10:41 | Build | Settlement |
| 11:04 | Research | Castle Age |
| 11:08 | Build | Farm |
| 11:09 | Build | Farm |
| 11:40 | Build | House |
| 11:55 | Queue | Villager (Male) |
| 12:57 | Queue | Villager (Male) |
| 13:04 | Build | Palisade Wall |
| 13:08 | Build | Palisade Wall |
| 13:09 | Build | Palisade Wall |
| 13:11 | Build | Palisade Wall |
| 13:13 | Build | House |
| 13:44 | Age | Castle Age |
| 13:50 | Build | Palisade Wall |
| 13:55 | Build | Palisade Wall |
| 13:57 | Build | Palisade Wall |
| 14:02 | Queue | Villager (Male) |
| 14:04 | Research | Double-Bit Axe |
| 14:04 | Queue | Villager (Male) |
| 14:27 | Build | Palisade Wall |
| 14:33 | Build | Palisade Wall |
| 14:34 | Build | Palisade Wall |
| 14:36 | Build | Palisade Wall |
| 14:38 | Build | Palisade Wall |
| 14:41 | Build | Palisade Wall |
| 14:42 | Build | Palisade Wall |
| 14:44 | Build | Palisade Wall |
| 14:47 | Build | Monastery |
| 14:48 | Queue | Villager (Male) |
| 14:56 | Build | Monastery |
| 14:59 | Queue | Villager (Male) |
| 15:12 | Research | Gold Mining |
| 15:23 | Build | House |
| 15:31 | Build | Monastery |
| 15:33 | Queue | Monk |
| 15:44 | Queue | Monk |
| 15:45 | Queue | Villager (Male) |
| 16:15 | Queue | Monk |
| 16:19 | Research | Sanctity |
| 16:23 | Queue | Villager (Male) |
| 16:26 | Build | Farm |
| 16:56 | Research | Fervor |
| 17:03 | Queue | Villager (Male) |
| 17:05 | Build | Farm |
| 17:08 | Build | Farm |
| 17:21 | Queue | Monk |
| 17:22 | Queue | Monk |
| 17:33 | Research | Redemption |
| 17:50 | Queue | Villager (Male) |
| 17:54 | Build | Settlement |
| 17:56 | Queue | Villager (Male) |
| 18:05 | Queue | Monk |
| 18:17 | Queue | Villager (Male) |
| 18:21 | Build | Farm |
| 18:21 | Build | Farm |
| 18:39 | Queue | Monk |
| 18:39 | Queue | Monk |
| 18:52 | Queue | Villager (Male) |
| 18:59 | Build | Monastery |
| 19:39 | Queue | Villager (Male) |
| 19:45 | Build | Monastery |
| 19:49 | Build | Palisade Wall |
| 19:51 | Build | Palisade Wall |
| 19:52 | Build | Palisade Wall |
| 20:14 | Queue | Villager (Male) |
| 20:16 | Queue | Monk |
| 20:17 | Queue | Monk |
| 20:17 | Queue | Monk |
| 20:30 | Queue | Villager (Male) |
| 20:33 | Build | Farm |
| 20:34 | Queue | Villager (Male) |
| 20:50 | Queue | Villager (Male) |
| 21:07 | Queue | Villager (Male) |
| 21:16 | Queue | Monk |
| 21:16 | Queue | Monk |
| 21:18 | Queue | Monk |
| 21:38 | Queue | Villager (Male) |
| 21:57 | Build | Monastery |
| 21:58 | Build | Monastery |
| 21:59 | Queue | Villager (Male) |
| 22:02 | Build | Farm |
| 22:08 | Build | House |
| 22:08 | Build | House |
Match timeline
| 6:04 | MXTS | FiredLand · first_building Barracks |
| 8:18 | Creisi48 · first_building Barracks |
| 9:40 | Creisi48 · age_up feudal |
| 9:50 | Aleixofempires · age_up feudal |
| 10:06 | Markof · age_up feudal |
| 10:26 | Aleixofempires · first_building Siege Workshop |
| 10:26 | MXTS | FiredLand · age_up feudal |
| 10:29 | MXTS | FiredLand · first_building Stable |
| 10:30 | TheShadowrawen · age_up feudal |
| 10:56 | deadly neighbour · age_up feudal |
| 11:33 | deadly neighbour · first_building Barracks |
| 12:09 | deadly neighbour · first_building Archery Range |
| 13:04 | Markof · wall_segment Palisade Wall x1 |
| 13:08 | Markof · wall_segment Palisade Wall x1 |
| 13:09 | Markof · wall_segment Palisade Wall x1 |
| 13:11 | Markof · wall_segment Palisade Wall x1 |
| 13:44 | Markof · age_up castle |
| 13:50 | Markof · wall_segment Palisade Wall x1 |
| 13:55 | Markof · wall_segment Palisade Wall x1 |
| 13:57 | Markof · wall_segment Palisade Wall x1 |
| 14:00 | TheShadowrawen · age_up castle |
| 14:13 | MXTS | FiredLand · age_up castle |
| 14:27 | Markof · wall_segment Palisade Wall x1 |
| 14:33 | Markof · wall_segment Palisade Wall x1 |
| 14:34 | Markof · wall_segment Palisade Wall x1 |
| 14:36 | Markof · wall_segment Palisade Wall x1 |
| 14:38 | Markof · wall_segment Palisade Wall x1 |
| 14:41 | Markof · wall_segment Palisade Wall x1 |
| 14:42 | Markof · wall_segment Palisade Wall x1 |
| 14:44 | Markof · wall_segment Palisade Wall x1 |
| 14:47 | Markof · first_building Monastery |
| 14:49 | Markof · first_market_buy 100 wood |
| 15:34 | TheShadowrawen · first_market_buy 100 food |
| 16:04 | deadly neighbour · first_market_buy 100 wood |
| 16:38 | MXTS | FiredLand · wall_segment Stone Wall x1 |
| 16:46 | MXTS | FiredLand · wall_segment Stone Wall x1 |
| 17:04 | MXTS | FiredLand · wall_segment Stone Wall x1 |
| 17:26 | Markof · first_market_sell 100 stone |
| 19:25 | TheShadowrawen · first_market_sell 100 wood |
| 19:49 | Markof · wall_segment Palisade Wall x1 |
| 19:49 | TheShadowrawen · first_building Castle |
| 19:51 | Markof · wall_segment Palisade Wall x1 |
| 19:52 | Markof · wall_segment Palisade Wall x1 |
| 20:15 | deadly neighbour · age_up castle |
| 21:14 | deadly neighbour · first_market_sell 100 wood |
| 21:29 | MXTS | FiredLand · resign |
| 22:23 | TheShadowrawen · first_building Barracks |
[ AI ANALYSIS · 1 CREDIT ]
What really happened in this match?
Wolo.gg analyzes every decision: build order, eco, micro, common mistakes by bracket. Personalized analysis on WhatsApp or Discord in 30 seconds.
Civ guide
Armenians
Perfil
Creisi48